[Event "Srdja Dragasevic Memorial-A 2024"]
[Site "Cetinje"]
[Date "2024.06.23"]
[Round "3.1"]
[White "Kalezic, Blazo"]
[Black "Karthik Venkataraman"]
[Result "1/2-1/2"]
[ECO "B30"]
[WhiteElo "2398"]
[BlackElo "2590"]
[Annotator "TA"]
[PlyCount "106"]
[EventDate "2024.06.23"]
[EventType "swiss"]
[EventCountry "MNE"]
[SourceTitle "playchess.com"]
[Source "ChessBase"]
[SourceQuality "1"]
[TimeControl "40/5400+30:1800+30"]

1. e4 c5 2. Nf3 Nc6 3. Nc3 Nf6 4. Bb5 Qc7 5. O-O Nd4 6. Re1 a6 7. Bf1 {[%emt 0:00:36] B30: Sicilian: 2...Nc6 3 Bb5, lines without ...g6.} Ng4 8. g3 Nxf3+ 9. Qxf3 Ne5 10. Qd1 e6 11. Bg2 Be7 12. a4 d6 13. d3 Rb8 14. f4 Nc6 15. Be3 b5 16. axb5 axb5 17. Ne2 O-O 18. d4 $146 ({Predecessor:} 18. c3 Bb7 19. Qc2 Rfc8 20. d4 Na5 21. dxc5 dxc5 22. b3 h6 23. Red1 Rd8 24. Rxd8+ Rxd8 {0-1 Vantika,A (2362)-Zhigalko,S (2572) Speed Chess Q1 blitz 2022 (10)}) 18... Bb7 19. Qd2 Ra8 20. Bf2 b4 21. h4 Rfd8 22. h5 h6 23. Rxa8 Rxa8 24. d5 exd5 25. exd5 Na5 26. b3 Bf6 27. g4 Qd8 28. Be3 Bh4 29. Rf1 Qe7 30. Rf3 Bc8 31. f5 $1 Ba6 32. Ng3 Re8 33. Kh2 Bf6 34. Kh3 $1 Bc3 35. Qd1 {[%emt 0:11:29] [#]} (35. f6 $11 Bxf6 36. Bxh6) 35... Qf6 (35... Qxe3 $1 $17 36. Rxe3 Rxe3) 36. Qc1 $11 Bb2 37. Qd2 Bc3 38. Qc1 c4 39. g5 hxg5 40. Bxg5 Qd4 $1 41. Rf4 {[%emt 0:03:04] [#]} (41. Re3 $15 Bb5 42. Rxe8+ Bxe8 43. Be3) 41... Qb6 (41... Qa7 $1 $17 {aiming for ...Re1.} 42. Qd1 f6 (42... Re1 43. Qg4 $15)) 42. f6 $2 (42. Qd1 $11 cxb3 (42... Re1 43. Qg4 $16) 43. cxb3) 42... Bc8+ $19 43. Kh4 Re1 44. Re4 Qg1 $2 (44... Rxc1 45. Re8+ Kh7 46. Be4+ g6 47. Bxg6+ fxg6 48. Re7+ Kg8 49. Re8+ Kh7 (49... Kf7 50. Re7+ Kg8 51. Re8+ Kf7 52. Re7+ Kg8 $11) 50. Re7+ Kg8 51. Re8+ Kh7 $11 (51... Kf7 52. Re7+ Kg8 $11)) ({Better is} 44... Rxe4+ $19 45. Nxe4 cxb3 46. cxb3 Nxb3) 45. Re8+ $1 $11 Kh7 46. Rxc8 (46. Be4+ $2 Rxe4+ 47. Nxe4 Qh2#) 46... Be5 (46... Rxc1 $2 {loses.} 47. Be4+ g6 48. hxg6+ fxg6 49. Rc7+ Kg8 50. f7+ (50. Rc8+ Kf7 $18) 50... Kf8 51. Bxg6 Qd4+ (51... Kg7 52. Bh6+ Kxh6 53. f8=Q+ Kxg6 54. Qg8+ Kh6 55. Qh7#) 52. Kh3 Qh8+ 53. Kg4 $18 (53. Bh5 Rh1+ 54. Kg4 Qd4+ 55. Kf5 Qxd5+ 56. Kg6 Qe6+ 57. Kh7 Rxh5+ 58. Nxh5 Qf5+ 59. Kh6 Nc6 $19) (53. Bh5 $2 Rh1+ 54. Kg2 Rxh5 $19)) 47. Qxe1 ({But not} 47. Be4+ $2 Rxe4+ 48. Nxe4 Qh2+ 49. Kg4 Qg2+ (49... cxb3 50. Qf1 g6 51. hxg6+ fxg6 52. Bh4) 50. Kh4 Qxe4+ $19) 47... Qxe1 48. Be4+ g6 49. hxg6+ fxg6 50. Rc7+ Kh8 $1 51. Rc8+ Kh7 52. Rc7+ Kh8 $1 53. Rc8+ Kh7 1/2-1/2

[Event "Srdja Dragasevic Memorial-A 2024"]
[Site "Cetinje"]
[Date "2024.06.23"]
[Round "3.2"]
[White "Saraci, Nderim"]
[Black "Skvortsov, Andrei"]
[Result "1-0"]
[ECO "D02"]
[WhiteElo "2449"]
[BlackElo "2331"]
[Annotator "TA"]
[PlyCount "101"]
[EventDate "2024.06.23"]
[EventType "swiss"]
[EventCountry "MNE"]
[SourceTitle "playchess.com"]
[Source "ChessBase"]
[SourceQuality "1"]
[TimeControl "40/5400+30:1800+30"]

1. Nf3 d5 2. g3 g6 3. Bg2 Bg7 4. d4 e6 5. Nbd2 Nc6 6. c3 f5 7. Nb3 Nf6 8. Nc5 {[%emt 0:01:02] White is slightly better.} O-O 9. h4 a5 10. Bf4 Qe7 11. Qc1 Re8 12. Nd3 {[%emt 0:01:10] White is more active.} Nh5 13. Bg5 Qf7 14. Qe3 Qf8 (14... b6 $14) 15. Nf4 $16 Nf6 (15... a4 $16) 16. h5 $18 Qf7 (16... Ng4 17. Qc1 gxh5) 17. hxg6 hxg6 18. Nd3 (18. Bxf6 $142 Qxf6 19. Nxd5) 18... Ng4 19. Qd2 e5 20. Ndxe5 Ncxe5 21. Nxe5 (21. dxe5 Nxe5 22. Nxe5 Rxe5 $16) 21... Nxe5 22. dxe5 Rxe5 23. Be3 c6 24. Bd4 Re7 25. O-O-O {[%emt 0:01:41] Strongly threatening Qg5.} Qe6 (25... Bxd4 $16 26. Qxd4 Qg7) 26. Bxg7 Rxg7 {[%emt 0:00:10] [#]} 27. c4 $1 Qe7 (27... Qe8 28. cxd5) 28. cxd5 cxd5 29. Bxd5+ Be6 30. Kb1 Bxd5 31. Qxd5+ Rf7 (31... Qf7 {keeps fighting.} 32. Qd2 Qe6) 32. Rh6 Kg7 33. Rdh1 $40 {[%emt 0:01:51][%mdl 128] White wants a kill.} Qe4+ 34. Qxe4 fxe4 {[%emt 0:00:03][%mdl 4096] Endgame. KRR-KRR} 35. Rh7+ Kf6 36. Rxf7+ Kxf7 {[%emt 0:00:01] KR-KR} 37. Rh7+ Ke6 38. Rxb7 Rf8 {[%emt 0:00:01] [#]} 39. f3 exf3 (39... Rh8 40. fxe4) 40. Rb6+ Kd5 41. exf3 (41. Rxg6 {is a self mate.} fxe2 42. Kc2 e1=Q (42... e1=B 43. a3 $17) 43. Rg5+ Kd4 44. Rg4+ Ke3 45. Kb3 Qd1+ 46. Ka3 Qxg4 47. Kb3 Qb4+ (47... Qxg3 {leads to mate.} 48. Kc4 Qc7+ 49. Kb5 Rb8+ 50. Ka4 Qc4+ 51. Kxa5 Qxa2#) 48. Kc2 Rf2+ 49. Kd1 Qd2#) 41... Rxf3 42. Rxg6 Kc5 43. Rg5+ Kb4 44. Rg4+ Kb5 45. a3 Rf2 46. Ka2 a4 (46... Rg2 $142 47. a4+ Kb6) 47. Rb4+ Ka5 48. Kb1 Rf3 49. g4 Rd3 $2 (49... Rf2 50. Kc1 Rg2) 50. Kc2 Rd5 51. Rf4 {[%emt 0:00:28] Weighted Error Value: White=0.12 (very precise) /Black=0.30.  Mistake:       	White=1     	Black=6      Inaccurate:     	White=2     	Black=3      OK:         	White=19    	Black=4      Best:        	White=6     	Black=4} 1-0

[Event "Srdja Dragasevic Memorial-A 2024"]
[Site "Cetinje"]
[Date "2024.06.23"]
[Round "3.3"]
[White "Mammadova, Narmin"]
[Black "Milanovic, Danilo"]
[Result "1/2-1/2"]
[ECO "B01"]
[WhiteElo "2277"]
[BlackElo "2438"]
[Annotator "TA"]
[PlyCount "99"]
[EventDate "2024.06.23"]
[EventType "swiss"]
[EventCountry "MNE"]
[SourceTitle "playchess.com"]
[Source "ChessBase"]
[SourceQuality "1"]
[TimeControl "40/5400+30:1800+30"]

1. e4 d5 2. exd5 Qxd5 3. Nc3 Qd6 4. d4 Nf6 5. Nf3 g6 6. Nb5 Qd8 7. c4 Bg7 8. Bf4 {[%emt 0:00:00] White is slightly better.} Na6 9. Be2 O-O 10. O-O Bf5 11. h3 c6 12. Nc3 Ne4 13. Re1 c5 14. Bd3 Nxc3 15. bxc3 {[%emt 0:00:00] Black must now prevent Bxf5.} Bxd3 16. Qxd3 cxd4 17. cxd4 Nb4 18. Qe2 (18. Qb3 $16 Nc6 19. Rad1 (19. Qxb7 Nxd4 20. Rac1 Ne6 $16)) 18... e6 19. Rad1 Re8 20. Qd2 Na6 21. Be5 Rc8 22. Bxg7 Kxg7 23. d5 {[%emt 0:00:00] d6 is the strong threat.} Nc5 $1 24. d6 Rf8 25. Qd4+ Kg8 (25... f6 $1 $11 {keeps the balance.}) 26. Ne5 $16 {[%emt 0:00:00] Hoping for d7. White is much more active.} f6 27. Ng4 ({White must play} 27. Nd3 $16 Nxd3 28. Rxd3) 27... Kg7 28. f4 b6 29. f5 gxf5 30. Ne3 (30. d7 $2 Rc7 (30... fxg4 $2 31. Qxg4+ Kh8 32. dxc8=R $18) 31. Nf2 Rxd7 $19) 30... Qd7 $2 {[%emt 0:00:47] [#]} (30... Rf7 $15 {stays ahead.}) 31. Nxf5+ $1 Kh8 {[%emt 0:00:04] [#]} 32. Qh4 $1 Rce8 (32... exf5 $2 {perishes.} 33. Re7 Rf7 34. Rde1 $18 (34. Rxd7 Nxd7 35. Qh5 Kg8 $18)) (32... Qf7 33. Ne7) 33. Ne7 Rf7 34. Rf1 Kg7 (34... e5 $16 35. Rd5 (35. Rxf6 Rfxe7 36. dxe7 Qxd1+ $11) 35... Rexe7) 35. Rd4 {[%emt 0:01:39] White threatens Rg4+ and mate.} Rexe7 36. dxe7 Qxe7 37. Qg3+ Kh8 38. Rg4 Rf8 {[%emt 0:00:31] Inhibits Rg8+.} 39. Kh1 $36 {[%emt 0:01:26][%mdl 2048] Keeping Black busy.} f5 40. Rd4 Qg7 (40... h6 $16 41. Qe5+ Qg7 42. Qxg7+ Kxg7) 41. Qxg7+ $1 $18 Kxg7 {[%emt 0:02:25][%mdl 4096] Endgame. [#] KRR-KRN} 42. g4 $1 Kf6 43. gxf5 exf5 44. Kh2 Ke5 (44... Ke6 $16 45. Rfd1 Ne4) 45. Rd5+ Ke4 46. Re1+ Kf3 {[%emt 0:00:23] [#]} 47. Rf1+ (47. Rde5 $1 $18 Kf4 48. Re7) 47... Ke4 $1 $16 48. Re1+ (48. Rg1 $16) 48... Kf3 $1 $18 49. Rf1+ Ke4 $1 50. Re1+ {[%emt 0:00:21] Weighted Error Value: White=0.24 (precise) /Black=0.16 (very precise) .  Mistake:       	White=5     	Black=5      Inaccurate:     	White=5     	Black=5      OK:         	White=16    	Black=12     Best:        	White=1     	Black=3      Strong:       	White=2     	Black=4      Brilliant:      	White=1     	---} (50. Rfd1 $16) 1/2-1/2

[Event "Srdja Dragasevic Memorial-A 2024"]
[Site "Cetinje"]
[Date "2024.06.23"]
[Round "3.4"]
[White "Petrov, Nikita"]
[Black "Xie, Bryan"]
[Result "1-0"]
[ECO "B44"]
[WhiteElo "2566"]
[BlackElo "2281"]
[Annotator "TA"]
[PlyCount "87"]
[EventDate "2024.06.23"]
[EventType "swiss"]
[EventCountry "MNE"]
[SourceTitle "playchess.com"]
[Source "ChessBase"]
[SourceQuality "1"]
[TimeControl "40/5400+30:1800+30"]

1. e4 c5 2. Nf3 e6 3. d4 cxd4 4. Nxd4 Nc6 5. Bf4 d6 6. Nxc6 bxc6 7. c4 e5 8. Be3 {[%emt 0:00:25] The position is equal.} Nf6 9. Nc3 Be7 10. Be2 O-O 11. O-O Be6 12. Qa4 Qc7 13. Rac1 Qb7 14. b4 d5 (14... Rfb8 $11 {might be stronger.}) 15. cxd5 $14 cxd5 16. exd5 Nxd5 17. Nxd5 Bxd5 18. Rfd1 $1 {[%emt 0:00:40] [#] Ba6 would now be deadly.} Rfd8 19. a3 a6 20. Bf1 Rd6 21. Qa5 Bd8 {[%emt 0:02:58] Inhibits Rc7.} 22. Qc5 Qd7 (22... Be7 $142) 23. Qc3 (23. Bc4 $142 Rc8 (23... Bb6 $2 24. Qxb6 Rxb6 25. Bxb6 $18) 24. Qxd6 (24. Qa7 $2 Rc7 $19) 24... Qxd6 25. Rxd5) 23... Qe6 $16 24. a4 Bb6 ({Black should play} 24... h6 $14) 25. Bxb6 Rxb6 26. Qd2 ({Better is} 26. a5 Rd6 27. b5 axb5 28. Qc5 (28. Bxb5 h6 $16)) 26... Bc6 (26... Rd6 $142) 27. a5 $36 {[%emt 0:06:40][%mdl 2048] White is really pushing.} Rbb8 {[%emt 0:00:07] Wards off Qd8+} 28. Qd6 Bb5 29. Bxb5 Rxb5 30. Qxe6 fxe6 {[%emt 0:00:05][%mdl 4096] Endgame. KRR-KRR} 31. Rd7 Rxb4 32. h3 {[%emt 0:00:06] Hoping for Rcc7. White is more active.} Rf8 $2 {[%emt 0:05:06][%mdl 8192] Black cannot hold the game after this.} (32... Kh8 $16 {might work better.}) 33. Rcc7 $18 Rb1+ 34. Kh2 Rxf2 35. Rxg7+ Kf8 36. Rxh7 {[%emt 0:00:21][%cal Rc7c8] [#]} Kg8 37. Rcg7+ Kf8 38. Ra7 Kg8 {[%emt 0:00:15] Prevents Rh8+} 39. Rhe7 Ra1 $2 (39... Kf8 40. Rec7 (40. Rxe6 Rbb2 $14) 40... Rb8 41. Rxa6 (41. Rh7 Kg8 $18) 41... e4) 40. Ra8+ (40. Rxe6 Rxa5 41. Kg3 (41. Rexa6 Rxa6 42. Rxa6 Kf8 $16) 41... Rf7 42. Rg6+ (42. Raxa6 Rxa6 43. Rxa6 Kg7 $14) 42... Kf8 (42... Kh7 43. Raxa6 Rxa6 44. Rxa6 $16) 43. Raxa6 Rxa6 44. Rxa6 Kg7 $18) 40... Rf8 41. Rxa6 {[%emt 0:03:18][%cal Oa6a7] Black must now prevent Raa7!} Rf6 (41... e4 $142 42. h4 (42. Raxe6 Rxa5 43. Rxe4 Rf6 $18) (42. Rexe6 Ra4 $18) 42... e3 43. Raxe6 (43. Rexe6 Rf4 $18) 43... Rxa5 44. Rxe3 Rf7 45. Rg3+ Kf8) 42. Ra8+ ({Weaker is} 42. Raxe6 Rxe6 43. Rxe6 Rxa5 $18) 42... Rf8 43. Raa7 {[%emt 0:00:19] Threatening mate with Rg7+.} Rf6 44. Re8+ $2 {[%emt 0:00:16] Weighted Error Value: White=0.06 (flawless) /Black=0.58.  Loses game:     	---       	Black=1      Mistake:       	White=2     	Black=6      Inaccurate:     	---       	Black=3      OK:         	White=16    	Black=9      Best:        	White=8     	Black=2      Strong:       	White=1     	---} (44. Rg7+ {mates} Kh8 45. Rgc7 Kg8 46. a6 e4 47. Ra8+ Rf8 48. Rxf8+ Kxf8 49. a7) 1-0

[Event "Srdja Dragasevic Memorial-A 2024"]
[Site "Cetinje"]
[Date "2024.06.23"]
[Round "3.5"]
[White "Tomic, Aleksandar"]
[Black "Djukic, Nikola"]
[Result "1/2-1/2"]
[ECO "A45"]
[WhiteElo "2388"]
[BlackElo "2532"]
[Annotator "RC"]
[PlyCount "21"]
[EventDate "2024.06.23"]
[EventType "swiss"]
[EventCountry "MNE"]
[SourceTitle "playchess.com"]
[Source "ChessBase"]
[SourceQuality "1"]
[TimeControl "40/5400+30:1800+30"]

1. d4 Nf6 2. Bf4 g6 3. Nc3 d5 4. Nb5 Na6 5. e3 Bg7 6. Nc3 Nb8 7. Nb5 Na6 8. Nc3 Nb8 9. Nb5 Na6 10. Nc3 Nb8 11. Nb5 1/2-1/2

[Event "Srdja Dragasevic Memorial-A 2024"]
[Site "Cetinje"]
[Date "2024.06.23"]
[Round "3.6"]
[White "Tadic, Stefan"]
[Black "Atakisi, Umut"]
[Result "1-0"]
[ECO "B45"]
[WhiteElo "2421"]
[BlackElo "2335"]
[Annotator "RC"]
[PlyCount "89"]
[EventDate "2024.06.23"]
[EventType "swiss"]
[EventCountry "MNE"]
[SourceTitle "playchess.com"]
[Source "ChessBase"]
[SourceQuality "1"]
[TimeControl "40/5400+30:1800+30"]

1. e4 c5 2. Nf3 e6 3. d4 cxd4 4. Nxd4 Nf6 5. Nc3 Nc6 6. Nxc6 bxc6 7. e5 Nd5 8. Ne4 Bb7 9. Be2 c5 10. O-O Qc7 11. Nd6+ Bxd6 12. exd6 Qc6 13. f3 e5 14. c4 Nf4 15. Bxf4 exf4 16. Qd2 O-O 17. Qxf4 Rae8 18. Bd3 Re6 19. Rad1 g6 20. Be4 Qa6 21. Bxb7 Qxb7 22. b3 Re2 23. Rf2 Rfe8 24. Rxe2 Rxe2 25. Rd2 Re6 26. h4 h5 27. Rd5 Qb6 28. Qd2 Qd8 29. Qg5 Qa5 30. Kh2 Qe1 31. Rxc5 Re2 32. Rf5 Re6 33. c5 Kg7 34. Rd5 Qa1 35. Qd2 Kh7 36. c6 Re1 37. cxd7 Rh1+ 38. Kg3 Qg1 39. d8=Q Qh2+ 40. Kf2 Qg1+ 41. Ke2 Qxg2+ 42. Ke3 Qg1+ 43. Kd3 Qf1+ 44. Ke4 Qb1+ 45. Rd3 1-0

[Event "Srdja Dragasevic Memorial-A 2024"]
[Site "Cetinje"]
[Date "2024.06.23"]
[Round "3.7"]
[White "Holland, James P"]
[Black "Yaksin, Oleg"]
[Result "0-1"]
[ECO "B50"]
[WhiteElo "2252"]
[BlackElo "2389"]
[Annotator "RC"]
[PlyCount "174"]
[EventDate "2024.06.23"]
[EventType "swiss"]
[EventCountry "MNE"]
[SourceTitle "playchess.com"]
[Source "ChessBase"]
[SourceQuality "1"]
[TimeControl "40/5400+30:1800+30"]

1. e4 c5 2. Nf3 d6 3. c3 Nf6 4. Bd3 Nc6 5. Bc2 Bg4 6. h3 Bh5 7. Qe2 e6 8. g4 Bg6 9. d3 Be7 10. Nh4 Nd7 11. Ng2 e5 12. h4 h6 13. f4 exf4 14. Bxf4 Nde5 15. Bb3 c4 16. Bxc4 Nxc4 17. dxc4 Qb6 18. Be3 Qa5 19. Nd2 O-O 20. Nf4 Rae8 21. Nd5 Bd8 22. Bf4 Re6 23. h5 Bxe4 24. Nxe4 Rfe8 25. O-O Rxe4 26. Qf3 Qc5+ 27. Kh1 Qxc4 28. Ne3 Qe6 29. Nf5 Bg5 30. Bxg5 hxg5 31. h6 Rf4 32. Qd3 g6 33. Ng7 Qe4+ 34. Qxe4 Rexe4 35. Rxf4 Rxf4 36. Ne8 Ne5 37. Rg1 Kh7 38. Nxd6 b6 39. Re1 f6 40. Ne8 Nxg4 41. Re7+ Kxh6 42. Kg2 a5 43. Kg3 b5 44. Nd6 Ne5 45. Nxb5 Rf3+ 46. Kg2 Rd3 47. Re6 Kg7 48. Rd6 Re3 49. Nd4 Nd3 50. Rd7+ Kh6 51. Rf7 Nxb2 52. Rxf6 Rxc3 53. Ra6 Nc4 54. Rc6 Ne3+ 55. Kf3 g4+ 56. Kf4 Ra3 57. Ne6 g3 58. Kxg3 Nd5+ 59. Kh4 Nf6 60. Rc5 Rxa2 61. Rc8 g5+ 62. Kg3 Ra3+ 63. Kg2 Ra2+ 64. Kg3 Kg6 65. Nf8+ Kf7 66. Rd8 Re2 67. Ra8 Re8 68. Rxa5 Rxf8 69. Kg2 Kg6 70. Kg3 Rd8 71. Ra6 Rd3+ 72. Kf2 Rb3 73. Kg2 Kf5 74. Kf2 Ne4+ 75. Kg2 Kf4 76. Ra8 Rb2+ 77. Kg1 g4 78. Ra3 Nd2 79. Kh1 Ne4 80. Kg1 Rc2 81. Rb3 Rc3 82. Rb4 Kg3 83. Rb1 Ng5 84. Kh1 Kh3 85. Kg1 g3 86. Kf1 Rc2 87. Rb3 Rf2+ 0-1

[Event "Srdja Dragasevic Memorial-A 2024"]
[Site "Cetinje"]
[Date "2024.06.23"]
[Round "3.8"]
[White "Mammadov, Zaur"]
[Black "Arora Honi"]
[Result "1-0"]
[ECO "E54"]
[WhiteElo "2426"]
[BlackElo "2082"]
[Annotator "RC"]
[PlyCount "57"]
[EventDate "2024.06.23"]
[EventType "swiss"]
[EventCountry "MNE"]
[SourceTitle "playchess.com"]
[Source "ChessBase"]
[SourceQuality "1"]
[TimeControl "40/5400+30:1800+30"]

1. c4 c6 2. e4 d5 3. exd5 cxd5 4. cxd5 Nf6 5. Nc3 Nxd5 6. Nf3 e6 7. d4 Nc6 8. Bd3 Be7 9. O-O O-O 10. Re1 Nf6 11. Bg5 b6 12. Ne5 Bb7 13. Ba6 Qc8 14. Qf3 Na5 15. Bxb7 Qxb7 16. Qxb7 Nxb7 17. Nc6 Bd6 18. Bxf6 gxf6 19. d5 Rfe8 20. Rad1 e5 21. Ne4 Kg7 22. Rd3 Rg8 23. Rf3 Kf8 24. Nxf6 Rg6 25. Nd7+ Kg8 26. Ndxe5 Re8 27. Rfe3 Rg5 28. h4 Rh5 29. Rg3+ 1-0

[Event "Srdja Dragasevic Memorial-A 2024"]
[Site "Cetinje"]
[Date "2024.06.23"]
[Round "3.9"]
[White "Engin, Onur Cinar"]
[Black "Kosic, Dragan"]
[Result "0-1"]
[ECO "B22"]
[WhiteElo "2114"]
[BlackElo "2382"]
[Annotator "RC"]
[PlyCount "78"]
[EventDate "2024.06.23"]
[EventType "swiss"]
[EventCountry "MNE"]
[SourceTitle "playchess.com"]
[Source "ChessBase"]
[SourceQuality "1"]
[TimeControl "40/5400+30:1800+30"]

1. e4 c5 2. c3 Nf6 3. e5 Nd5 4. Nf3 e6 5. d4 cxd4 6. cxd4 d6 7. a3 Be7 8. Bd3 Nc6 9. O-O Bd7 10. Bd2 O-O 11. Nc3 Nxc3 12. Bxc3 d5 13. Re1 Qb6 14. h4 f5 15. exf6 gxf6 16. h5 Rf7 17. Nh4 Bd6 18. Qd2 Qc7 19. b4 Bf4 20. Qd1 Rg7 21. Ra2 a6 22. Rae2 Qd6 23. Bb1 Kh8 24. Qd3 Bg5 25. Nf3 Bh6 26. Bd2 Bxd2 27. Qxd2 Rag8 28. Qh6 Nxd4 29. Nh4 Nxe2+ 30. Rxe2 Qf8 31. Kh1 f5 32. Rxe6 Bxe6 33. Qxe6 Qe7 34. Qxe7 Rxe7 35. Bxf5 Re2 36. Kg1 Ra2 37. Be6 Ra1+ 38. Kh2 Rd8 39. h6 Rd6 0-1

[Event "Srdja Dragasevic Memorial-A 2024"]
[Site "Cetinje"]
[Date "2024.06.23"]
[Round "3.10"]
[White "Abdulkarimli, Eljan"]
[Black "Damljanovic, Branko"]
[Result "0-1"]
[ECO "C02"]
[WhiteElo "2124"]
[BlackElo "2364"]
[Annotator "RC"]
[PlyCount "82"]
[EventDate "2024.06.23"]
[EventType "swiss"]
[EventCountry "MNE"]
[SourceTitle "playchess.com"]
[Source "ChessBase"]
[SourceQuality "1"]
[TimeControl "40/5400+30:1800+30"]

1. e4 c5 2. c3 e6 3. d4 d5 4. e5 Nc6 5. Nf3 Bd7 6. Na3 Rc8 7. Nc2 cxd4 8. cxd4 Nb4 9. Ne3 Qb6 10. a3 Nc6 11. b4 f5 12. g4 fxg4 13. Nxg4 Nge7 14. Ne3 Nd8 15. Bd3 Nf7 16. Bb2 Ng6 17. Ng2 a5 18. b5 Bxb5 19. Qb3 Rc4 20. Bxc4 dxc4 21. Qe3 Bc6 22. Bc3 Bd5 23. Rg1 Be7 24. h4 Nh6 25. h5 Nf5 26. Qe2 Qc6 27. Nd2 Bxg2 28. hxg6 Bd5 29. Nf1 Nh4 30. Nd2 Nxg6 31. Qh5 O-O 32. Rg3 Nf4 33. Qg4 g5 34. f3 b5 35. Kf2 b4 36. Rh1 bxc3 37. Qh4 Rf7 38. Rb1 Ng6 39. Qh5 cxd2 40. Rh3 Qc7 41. Rbh1 Nf4 0-1

[Event "Srdja Dragasevic Memorial-A 2024"]
[Site "Cetinje"]
[Date "2024.06.23"]
[Round "3.11"]
[White "Sukovic, Andrej"]
[Black "Slugin, Alexander"]
[Result "1-0"]
[ECO "B55"]
[WhiteElo "2350"]
[BlackElo "2157"]
[Annotator "RC"]
[PlyCount "53"]
[EventDate "2024.06.23"]
[EventType "swiss"]
[EventCountry "MNE"]
[SourceTitle "playchess.com"]
[Source "ChessBase"]
[SourceQuality "1"]
[TimeControl "40/5400+30:1800+30"]

1. e4 c5 2. Nf3 d6 3. d4 cxd4 4. Nxd4 Nf6 5. f3 e5 6. Nb3 d5 7. Bg5 Be6 8. Bxf6 gxf6 9. exd5 Bxd5 10. Nc3 Bb4 11. Qd3 Nc6 12. O-O-O Bxb3 13. axb3 Qa5 14. Qd7+ Kf8 15. Bc4 Ne7 16. Kb1 Kg7 17. Qg4+ Ng6 18. Rd5 Bxc3 19. Rxa5 Bxa5 20. Rd1 Rad8 21. Rd7 Rhf8 22. Rxb7 Rd4 23. Qe6 Nh8 24. g3 Bb6 25. h4 h5 26. Qf5 Rfd8 27. Bd3 1-0

[Event "Srdja Dragasevic Memorial-A 2024"]
[Site "Cetinje"]
[Date "2024.06.23"]
[Round "3.12"]
[White "Guleryuz, Kuzey"]
[Black "Pecurica, Milos"]
[Result "0-1"]
[ECO "C58"]
[WhiteElo "1971"]
[BlackElo "2338"]
[Annotator "RC"]
[PlyCount "116"]
[EventDate "2024.06.23"]
[EventType "swiss"]
[EventCountry "MNE"]
[SourceTitle "playchess.com"]
[Source "ChessBase"]
[SourceQuality "1"]
[TimeControl "40/5400+30:1800+30"]

1. e4 e5 2. Nf3 Nc6 3. Bc4 Nf6 4. Ng5 d5 5. exd5 Na5 6. Bb5+ c6 7. dxc6 bxc6 8. Bd3 Nd5 9. Nf3 Bd6 10. O-O O-O 11. Re1 Re8 12. Nc3 Rb8 13. Bf1 f5 14. d3 Nf6 15. g3 c5 16. Bg2 h6 17. Nd2 Be6 18. b3 Bf7 19. Bb2 Qc7 20. Rb1 Nc6 21. Nc4 Nd4 22. Ne2 Bh5 23. Bxd4 cxd4 24. Nxd6 Qxd6 25. Qd2 Rbc8 26. f4 Bxe2 27. Rxe2 Ng4 28. fxe5 Rxe5 29. Rxe5 Qxe5 30. b4 Ne3 31. Rc1 f4 32. gxf4 Qxf4 33. Be4 Rxc2 34. Qxc2 Nxc2 35. Rxc2 Qe3+ 36. Kg2 Qg5+ 37. Kf1 Qg4 38. Kf2 h5 39. Rc4 Qf4+ 40. Kg2 g5 41. a4 Qd2+ 42. Kg3 h4+ 43. Kg4 Qxh2 44. Kxg5 Qg3+ 45. Kf6 Qd6+ 46. Kf5 h3 47. Rc6 Qd7+ 48. Kf6 h2 49. b5 Qf7+ 50. Ke5 Qh5+ 51. Kxd4 h1=Q 52. Bxh1 Qxh1 53. Rc7 Qa1+ 54. Kd5 Qxa4 55. Rb7 Kf8 56. d4 Ke8 57. Kc5 Qa3+ 58. Kc6 Qc3+ 0-1

[Event "Srdja Dragasevic Memorial-A 2024"]
[Site "Cetinje"]
[Date "2024.06.23"]
[Round "3.13"]
[White "Vujosevic, Vladimir"]
[Black "Pusara, Mihailo"]
[Result "1-0"]
[ECO "B52"]
[WhiteElo "2306"]
[BlackElo "2117"]
[Annotator "RC"]
[PlyCount "111"]
[EventDate "2024.06.23"]
[EventType "swiss"]
[EventCountry "MNE"]
[SourceTitle "playchess.com"]
[Source "ChessBase"]
[SourceQuality "1"]
[TimeControl "40/5400+30:1800+30"]

1. e4 c5 2. Nf3 d6 3. Bb5+ Bd7 4. Bxd7+ Nxd7 5. O-O Ngf6 6. Qe2 e6 7. c3 Be7 8. d4 O-O 9. Rd1 Rc8 10. e5 Ne8 11. Bf4 Nb6 12. exd6 Bxd6 13. dxc5 Rxc5 14. Na3 Qe7 15. Be3 Rc8 16. Nb5 Bb8 17. a4 Rd8 18. Rxd8 Qxd8 19. Bc5 Nd6 20. Rd1 Nbc8 21. Ne5 a6 22. Nxd6 Bxd6 23. Bxd6 Nxd6 24. Qd3 f6 25. Qxd6 Qxd6 26. Rxd6 fxe5 27. Rxe6 Rd8 28. Kf1 Rd5 29. Rb6 Ra5 30. b3 Rc5 31. c4 Rc7 32. Ke2 Kf7 33. Ke3 Re7 34. Ke4 Ke8 35. Kd5 Kd8 36. Re6 Rf7 37. f3 Kc7 38. Kxe5 g6 39. Kd4 Rf4+ 40. Ke3 Rf7 41. b4 Kd7 42. Re4 Kc6 43. a5 Kc7 44. Re6 Kd7 45. Re4 Kc7 46. Kd4 Rd7+ 47. Kc3 Rf7 48. b5 axb5 49. cxb5 Kd6 50. Kb4 Rc7 51. Rc4 Rf7 52. a6 bxa6 53. bxa6 Re7 54. Kb5 Re5+ 55. Kb6 Re2 56. a7 1-0

[Event "Srdja Dragasevic Memorial-A 2024"]
[Site "Cetinje"]
[Date "2024.06.23"]
[Round "3.14"]
[White "Nikolic, Nebojsa"]
[Black "Willy, Stephen"]
[Result "0-1"]
[ECO "C00"]
[WhiteElo "2268"]
[BlackElo "2046"]
[Annotator "RC"]
[PlyCount "74"]
[EventDate "2024.06.23"]
[EventType "swiss"]
[EventCountry "MNE"]
[SourceTitle "playchess.com"]
[Source "ChessBase"]
[SourceQuality "1"]
[TimeControl "40/5400+30:1800+30"]

1. Nf3 d5 2. g3 Nf6 3. Bg2 c5 4. O-O e6 5. d3 Nc6 6. Nbd2 Be7 7. e4 O-O 8. Re1 Qc7 9. exd5 exd5 10. Nf1 h6 11. Ne3 Be6 12. c3 d4 13. Nc4 dxc3 14. Bf4 Qd8 15. bxc3 Nd5 16. Bd2 Bf6 17. Qc2 Qc7 18. a4 Rad8 19. Rab1 Rd7 20. Rb5 a6 21. Rxc5 Be7 22. Rxc6 bxc6 23. Nd4 Nb4 24. cxb4 Rxd4 25. Bc3 Rdd8 26. Qb2 Rxd3 27. Bxg7 Rfd8 28. Bxh6 R3d4 29. Na5 Bxb4 30. Nxc6 Bxe1 31. Nxd4 Bc3 32. Nxe6 Rd1+ 33. Bf1 Qc4 34. Qb8+ Kh7 35. Ng5+ Kxh6 36. Qb6+ Kh5 37. g4+ Qxg4+ 0-1

[Event "Srdja Dragasevic Memorial-A 2024"]
[Site "Cetinje"]
[Date "2024.06.23"]
[Round "3.15"]
[White "Vujovic, Savo"]
[Black "Soloviov, Artiom"]
[Result "1-0"]
[ECO "C50"]
[WhiteElo "2230"]
[BlackElo "1729"]
[Annotator "RC"]
[PlyCount "53"]
[EventDate "2024.06.23"]
[EventType "swiss"]
[EventCountry "MNE"]
[SourceTitle "playchess.com"]
[Source "ChessBase"]
[SourceQuality "1"]
[TimeControl "40/5400+30:1800+30"]

1. e4 e5 2. Nf3 Nc6 3. d4 exd4 4. Bc4 Be7 5. c3 Nf6 6. e5 Ne4 7. Bd5 Ng5 8. Nxg5 Bxg5 9. Qh5 Qe7 10. Qxg5 dxc3 11. Qxe7+ Kxe7 12. Nxc3 Nxe5 13. O-O Re8 14. Bb3 c6 15. Bf4 Nd3 16. Rfe1+ Nxe1 17. Rxe1+ Kd8 18. Bc7+ Kxc7 19. Rxe8 a5 20. Bxf7 d5 21. Be6 b5 22. Bxc8 Rxc8 23. Rxc8+ Kxc8 24. Kf1 Kd7 25. Ke2 Kd6 26. Kd3 b4 27. Na4 1-0